 Dungeon Crawl Stone Soup version 0.31-a0-655-gf2d5465dac (webtiles) character file.

Game seed: 17065320886254875108

1458 GordonOverkill the Grappler (level 8, -5/75 (83) HPs)
             Began as a Troll Delver on Aug 29, 2023.
             Slain by an orc warrior
             ... wielding a +0 halberd of electrocution
              (14 damage)
             ... in a bailey.
             The game lasted 00:05:45 (1404 turns).

GordonOverkill the Grappler (Troll Delver)          Turns: 1404, Time: 00:05:46

HP:   -5/75 (83)    AC:  4    Str: 23    XL:     8   Next: 47%
MP:   7/7           EV: 10    Int:  6    God:
Gold: 132           SH:  0    Dex: 11    Spells: 7/7 levels left

rFire   . .          .
                       - Unarmed
rCold   . . .        (no shield)
rNeg    . . .        a - +0 robe
rPois   .            (helmet restricted)
rElec   .            (no cloak)
rCorr   .            (gloves unavailable)
SInv    .            (boots unavailable)
Will    .....        (no amulet)
Stlth   ++           (no ring)
HPRegen 1.12/turn    (no ring)
MPRegen 0.10/turn

%: no passive effects
@: drained
A: large, unfitting armour, claws 3, regeneration 1, shaggy fur 1, tough skin 1
a: no special abilities


You were in a bailey.
You visited 1 branch of the dungeon, and saw 4 of its levels.
You also visited: Bailey.

You collected 132 gold pieces.

Inventory:

Missiles
 g - 6 poisoned darts
 h - 5 boomerangs (quivered)
Armour
 a - a +0 robe (worn)
Wands
 f - a wand of digging (3)
Scrolls
 b - a scroll of fog
 c - 3 scrolls of enchant weapon {unknown}
 d - 2 scrolls of fear
 e - 5 scrolls of identify
Potions
 i - a potion of lignification {unknown}
 j - a potion of enlightenment {unknown}
 k - a potion of cancellation {unknown}
 l - a potion of heal wounds {unknown}
 m - a potion of experience {unknown}


   Skills:
 - Level 6.0 Fighting
 - Level 2.0 Dodging
 - Level 2.7 Stealth
 + Level 8.4 Unarmed Combat


You had 7 spell levels left.
You didn't know any spells.
Your spell library was empty.

Dungeon Overview and Level Annotations

Branches:
Dungeon (7/15)             Bailey (1/1)
 Temple: D:4-7

Altars:
Ashenzari

Annotations:
D:7 1 runed translucent door, blamed's ghost, novice OpSh


Innate Abilities, Weirdness & Mutations

You are too large for most types of armour.
You have claws for hands.
Your natural rate of healing is unusually fast.
You are covered in fur. (AC +1)
You have tough skin. (AC +1)


Message History

The gnoll is heavily wounded.
The gnoll hits you with a +1 halberd of electrocution!
You mangle the gnoll!!
You kill the gnoll!
You see here a +1 halberd of electrocution.
You open the door.
A gnoll and an orc warrior come into view.
The gnoll is wielding a +1 halberd of draining.
The orc warrior is wielding a +0 halberd of electrocution.
Found six items.
There is an open door, spattered with blood here.
You see here a +0 halberd of electrocution.
There is an open door here.
You start resting.
HP restored.
You see here a +0 halberd of electrocution.
There is an open door, spattered with blood here.
You see here a +1 halberd of electrocution.
Found four items.
The orc warrior shouts!
There is an open door here.
You see here a +1 halberd of electrocution.
There is an open door, spattered with blood here.
You see here a +0 halberd of electrocution.
The orc warrior hits you with a +0 halberd of electrocution!
You are electrocuted!!
* * * LOW HITPOINT WARNING * * *
There is an open door, spattered with blood here.
You completely miss the orc warrior.
The orc warrior hits you with a +0 halberd of electrocution!
* * * LOW HITPOINT WARNING * * *
The gnoll hits you from afar with a +1 halberd of draining!
* * * LOW HITPOINT WARNING * * *
You feel drained.
* * * LOW HITPOINT WARNING * * *
You scratch the orc warrior.
The orc warrior is lightly wounded.
The orc warrior hits you with a +0 halberd of electrocution!
* * * LOW HITPOINT WARNING * * *
You are electrocuted!
You die...

##### ### ###
##o@)###)###.#
#g###'##'##'##
#!.!.!## ##.....##
#.!.!. ###.....###
+!.⌠.! #)'..⌠..')#
#.!.!. ###.....###
#!.!.! ##..)..##
+##+##+###'##'##'##
#.#.###)###)#


You could see an orc warrior and a gnoll.

Vanquished Creatures
  2 water moccasins (D:6)
  An ice beast (D:5)
  A sky beast (D:6)
  2 ogres (D:5)
  A phantom (D:7)
  3 bullfrogs
  3 scorpions (D:5)
  2 howler monkeys
  2 jellies
  2 hounds (D:5)
  A sleepcap (D:5)
  3 orc wizards
  9 gnolls (Bailey)
  3 adders (D:5)
  A shadow imp (D:5)
  2 worms
  17 orcs
  A goblin (D:4)
  A quokka (D:5)
  A ball python (D:6)
58 creatures vanquished.

Notes
Turn   | Place    | Note
-------+----------+-------------------------------------------
     0 | D:5      | GordonOverkill the Troll Delver began the quest for the
                  | Orb.
     0 | D:5      | Reached XP level 1. HP: 22/22 MP: 0/0
    19 | D:5      | Found a broken altar of Ashenzari.
    42 | D:6      | Noticed a bullfrog
    52 | D:6      | Killed a bullfrog
    53 | D:6      | Reached skill level 3 in Unarmed Combat
    53 | D:6      | Reached XP level 2. HP: 12/31 MP: 1/1
    53 | D:6      | Reached XP level 3. HP: 15/37 MP: 2/2
   106 | D:6      | Noticed a water moccasin
   111 | D:6      | Reached skill level 4 in Unarmed Combat
   111 | D:6      | Reached XP level 4. HP: 32/45 MP: 3/3
   134 | D:6      | Killed a water moccasin
   135 | D:6      | Reached skill level 5 in Unarmed Combat
   135 | D:6      | Reached XP level 5. HP: 17/53 MP: 4/4
   147 | D:6      | Noticed a water moccasin
   168 | D:6      | Killed a water moccasin
   169 | D:6      | Reached XP level 6. HP: 19/62 MP: 5/5
   220 | D:6      | Noticed a sky beast
   247 | D:6      | Killed a sky beast
   248 | D:6      | Reached skill level 6 in Unarmed Combat
   376 | D:5      | Reached XP level 7. HP: 63/70 MP: 6/6
   394 | D:5      | Reached skill level 7 in Unarmed Combat
   435 | D:4      | Reached skill level 5 in Fighting
   592 | D:5      | Reached skill level 8 in Unarmed Combat
   592 | D:5      | Reached XP level 8. HP: 49/80 MP: 7/7
   813 | D:7      | Noticed blamed's ghost (novice OpSh)
   813 | D:7      | Found a runed translucent door.
   948 | D:7      | Found a flagged portal.
   971 | Bailey   | Entered a bailey
  1404 | Bailey   | Slain by an orc warrior

Illustrated notes

Levels and vault maps discovered:
D:4:      layout_rooms, nicolae_gozag_cash_rules_everything_around_me,
          uniq_blork_the_orc
D:5:      layout_rooms, nicolae_overflow_hidden_temple
D:6:      layout_layer_cave, lemuel_crystal_altar,
          minmay_temple_entry_glassed_door, guppyfry_shop_venom
D:7:      layout_gridville, enter_bailey_2, gammafunk_ghost_grave
Bailey:   bailey_polearm_nasty_gnolls, bailey

Skill      XL: |  1  2  3  4  5  6  7  8 |
---------------+-------------------------+-----
Fighting       | 3 4 5 6 |  6.0
Unarmed Combat | 3 4 5 6 8 |  8.4
Dodging        | 2 |  2.0
Stealth        | |  2.7

Action                     |  1- 3 |  4- 6 |  7- 9 || total
---------------------------+-------+-------+-------++-------
  Melee: Unarmed           |    17 |    58 |   125 ||   200
         Punch             |       |     1 |     3 ||     4
  Throw: Boomerang         |     5 |       |     2 ||     7
    Use: Potion            |       |     1 |       ||     1
         Scroll            |       |     1 |     1 ||     2
   Stab: Sleeping          |       |       |     8 ||     8
 Armour: Robe              |     5 |    17 |    18 ||    40
  Dodge: Dodged            |     3 |    31 |    59 ||    93

Table legend: (Time is in decaauts)
 A = Elapsed time spent in this place.
 B = Non-inter-level travel time spent in this place.
 C = Inter-level travel time spent in this place.
 D = Time resting spent in this place.
 E = Time spent auto-exploring this place.
 F = Levels seen in this place.
 G = Mean time per level.
                   A        B        C        D        E       F      G
               +--------+--------+--------+--------+--------+-----+--------+
         Total |   1365 |   1339 |     26 |    436 |    153 |   5 |  273.0 |
       Dungeon |    939 |    913 |     26 |    216 |    129 |   4 |  234.8 |
        Bailey |    425 |    425 |      0 |    220 |     24 |   1 |  425.0 |
               +--------+--------+--------+--------+--------+-----+--------+

Top non-repeatable levels by time:
  Bailey: 425 daAuts
     D:5: 415 daAuts
     D:6: 303 daAuts
     D:7: 155 daAuts
     D:4: 65 daAuts
